Map: Dusty Gorge

Players

MonstroTown - Winner!

  • Race: Terran Terran
  • Spawn Location: 5:00

Michael - Winner!

  • Race: Zerg Zerg
  • League: Gold
  • Spawn Location: 3:00

theFool

  • Race: Protoss Protoss
  • Spawn Location: 9:00

Mohamad

  • Race: Terran Terran
  • Spawn Location: 11:00

VOD

Have the link to the VOD?

Description

Time

  • Played on: Sept. 16, 2018, 1:55 p.m.
  • Length: 10:39
Show
View Real Time Build Order
Export as new Build Order

MonstroTown Terran - Winner!

Build Orders: MMM Bio 

Get SALT Encoding   

  12  0:01  SCV  
  13  0:13  SCV  
  14  0:18  Supply Depot  
  14  0:25  SCV  
  15  0:40  SCV  
  15  0:41  Barracks  
  16  0:52  SCV  
  16  0:56  Barracks  
  17  1:04  SCV  
  18  1:16  SCV  
  19  1:28  SCV  
  19  1:29  Supply Depot  
  19  1:31  Marine  
  21  1:41  Orbital Command  
  21  1:44  Marine  
  22  1:49  Marine  
  23  1:58  Refinery  
  23  2:11  Command Center  
  23  2:24  SCV, Barracks  
  23  2:25  Marine  
  23  2:27  Marine  
  26  2:39  SCV, Refinery  
  27  2:45  Supply Depot, Marine  
  28  2:52  Barracks Tech Lab  
  28  2:56  SCV  
  29  3:03  Marine  
  30  3:08  SCV  
  30  3:10  Factory  
  31  3:19  Marauder  
  33  3:20  Marine  
  33  3:23  SCV  
  35  3:27  Orbital Command  
  35  3:34  Stimpack  
  35  3:42  Marauder  
  35  3:43  Marine  
  35  3:48  SCV  
  40  3:55  Factory Tech Lab  
  40  3:58  SCV  
  41  4:06  Engineering Bay, Marine  
  41  4:09  Marauder  
  43  4:16  Supply Depot  
  43  4:21  Siege Tank  
  43  4:23  Marine  
  47  4:26  SCV  
  47  4:28  SCV  
  49  4:33  Marauder  
  49  4:37  Terran Infantry Weapons Level 1  
  51  4:42  Missile Turret  
  51  4:46  Barracks Reactor  
  51  4:47  Marine  
  52  5:01  Marauder  
  54  5:12  Marine  
  54  5:13  Siege Tank  
  58  5:22  Marine  
  57  5:38  Marine x2  
  57  5:41  Marauder  
  61  5:45  Marine  
  62  5:54  Starport  
  62  5:58  Barracks x2  
  62  6:00  Barracks  
  62  6:03  Supply Depot x2  
  62  6:06  Engineering Bay  
  62  6:07  Armory  
  62  6:08  SCV x2, Marine  
  65  6:20  SCV x2  
  67  6:29  Marine  
  67  6:32  Barracks Tech Lab  
  67  6:33  Starport Tech Lab  
  67  6:35  Siege Tank  
  67  6:37  Marine  
  71  6:42  SCV x2  
  73  6:48  Marauder, Marine  
  73  6:51  Marine x3  
  67  7:23  Marine x4  
  67  7:24  Marauder x2  
  67  7:25  Siege Tank  
  67  7:26  Banshee  
  67  7:29  SCV x2  
  83  7:31  Refinery  
  83  7:33  Refinery  
  83  7:38  Marine  
  83  7:41  SCV x2  
  86  7:45  Marauder  
  88  7:52  Starport  
  88  7:57  SCV x2  
  90  8:08  Combat Shields  
  90  8:13  Viking  
  94  8:20  Barracks Tech Lab, Marauder  
  96  8:27  Marauder  
  96  8:29  Terran Infantry Armor Level 1, Supply Depot  
  96  8:31  Supply Depot  
  96  8:33  Supply Depot  
  96  8:41  Marauder x2  
  100  8:48  Command Center, Marauder  
  102  9:14  Marine x4  
  106  9:18  Marine x2  
  106  9:20  Viking x2  
  106  9:22  SCV  
  106  9:23  SCV  
  114  9:45  Marine  
  115  9:50  Viking x2  
  119  10:06  Marine x3  
  124  10:07  Marauder x3  
Show
View Real Time Build Order
Export as new Build Order

Michael Zerg - Winner!

Build Orders: Pool First 

Get SALT Encoding   

  12  0:01  Drone  
  13  0:13  Overlord  
  13  0:18  Drone  
  14  0:31  Drone x2  
  14  0:35  Drone  
  17  0:37  Extractor  
  16  0:45  Drone  
  17  0:54  Spawning Pool  
  16  0:57  Drone  
  17  1:07  Drone  
  18  1:25  Hatchery  
  17  1:28  Drone  
  18  1:42  Queen  
  20  1:47  Metabolic Boost  
  20  1:51  Zergling x2  
  21  1:54  Zergling x2  
  21  2:01  Overlord  
  22  2:14  Extractor  
  21  2:16  Drone  
  21  2:21  Queen  
  24  2:43  Drone x2  
  26  2:45  Drone  
  27  2:54  Drone  
  27  2:55  Drone  
  27  2:57  Drone  
  30  3:04  Drone  
  30  3:05  Drone  
  32  3:07  Drone  
  32  3:11  Drone  
  34  3:22  Drone  
  34  3:23  Drone  
  34  3:24  Overlord  
  36  3:33  Roach Warren  
  34  3:42  Queen  
  34  3:47  Queen  
  38  3:53  Overlord  
  38  4:04  Evolution Chamber  
  37  4:10  Drone x5  
  37  4:12  Drone  
  43  4:17  Drone  
  43  4:18  Drone  
  43  4:20  Drone  
  46  4:30  Drone x3  
  49  4:34  Extractor  
  49  4:35  Extractor  
  49  4:36  Lair  
  47  4:43  Zerg Ground Armor Level 1  
  47  4:52  Roach x2  
  51  4:57  Overlord  
  51  4:58  Overlord  
  51  5:07  Spine Crawler  
  51  5:09  Roach  
  51  5:11  Spine Crawler  
  51  5:18  Roach x4  
  56  5:35  Roach x6  
  66  5:38  Zergling x4  
  66  5:41  Spine Crawler  
  68  5:51  Overlord  
  68  5:52  Overlord  
  68  6:01  Overlord  
  68  6:04  Glial Reconstitution  
  68  6:09  Spire  
  67  6:11  Spore Crawler  
  67  6:13  Drone  
  67  6:14  Drone  
  67  6:16  Spore Crawler  
  67  6:30  Zergling x20  
  77  6:39  Zergling x4  
  79  6:45  Roach  
  81  6:48  Roach  
  68  7:14  Roach x4  
  65  7:26  Zergling x4  
  65  7:27  Zergling x2  
  68  7:43  Zergling x2  
  68  7:44  Zergling x4  
  71  7:49  Hatchery  
  71  7:50  Corruptor x2  
  74  7:51  Infestation Pit  
  74  7:53  Hatchery  
  74  7:54  Zerg Ground Armor Level 2  
  72  8:08  Drone  
  72  8:09  Drone x2  
  72  8:11  Drone x3  
  78  8:19  Corruptor x2  
  82  8:47  Hive  
  82  8:49  Pneumatized Carapace  
  82  9:07  Spire  
  81  9:14  Mutalisk  
  81  9:16  Zergling x2  
  81  9:17  Zergling x28  
  89  9:19  Zergling x2  
  89  9:22  Zergling x2  
  99  9:28  Queen  
  101  9:35  Queen  
  103  9:39  Overlord  
  103  9:42  Overlord  
  103  10:03  Zergling x18  
  103  10:04  Zergling x2  
Show
View Real Time Build Order
Export as new Build Order

theFool Protoss 

Build Orders: Colossus Rush 

Get SALT Encoding   

  12  0:04  Probe  
  13  0:19  Probe  
  13  0:20  Pylon  
  14  0:31  Probe  
  15  0:42  Gateway  
  15  0:43  Probe  
  15  0:47  Assimilator  
  16  0:54  Assimilator  
  16  0:56  Probe  
  17  1:08  Probe  
  18  1:20  Probe  
  19  1:27  Gateway  
  19  1:32  Cybernetics Core  
  19  1:39  Probe  
  20  1:56  Gateway  
  20  1:58  Pylon  
  20  1:59  Probe  
  21  2:03  Warp Gate  
  21  2:09  Stalker  
  23  2:23  Stalker  
  24  2:52  Stalker  
  24  2:56  Stalker x2  
  30  2:59  Probe  
  31  3:14  Robotics Facility  
  31  3:32  Pylon  
  31  3:45  Pylon  
  31  3:50  Probe  
  32  4:14  Robotics Bay  
  32  4:15  Gateway  
  32  4:19  Stalker  
  32  4:20  Stalker  
  36  4:39  Pylon  
  36  4:41  Stalker  
  38  4:57  Colossus  
  44  5:14  Stalker  
  44  5:19  Pylon  
  46  5:22  Pylon  
  46  5:31  Extended Thermal Lance  
  42  5:38  Colossus  
  48  6:03  Twilight Council  
  48  6:24  Colossus  
  48  6:35  Pylon  
  48  6:37  Blink  
  40  7:12  Stalker x2  
  28  7:22  Stalker  
  28  7:24  Zealot  
  32  7:36  Immortal  
  36  7:48  Stalker  
  38  7:52  Stalker  
  40  8:03  Stalker  
  42  8:12  Stalker  
  42  8:19  Stalker  
  46  8:47  Nexus  
  46  8:51  Probe  
  47  9:19  Stalker  
  47  9:20  Stalker x2  
  53  9:31  Probe  
  54  9:43  Probe  
  55  9:47  Stalker  
  57  10:07  Stalker  
Show
View Real Time Build Order
Export as new Build Order

Mohamad Terran 

Build Orders:  

Get SALT Encoding   

  13  0:11  SCV  
  13  0:23  SCV  
  14  0:28  Supply Depot  
  15  0:35  SCV  
  15  0:48  Refinery  
  15  0:50  SCV  
  15  0:53  Barracks  
  16  0:58  Refinery  
  16  1:02  SCV  
  17  1:14  SCV  
  17  2:05  Supply Depot  
  17  2:06  Barracks Reactor  
  17  2:07  Orbital Command  
  17  2:12  Factory  
  17  2:15  Barracks  
  17  2:43  Factory  
  17  2:45  Marine x2  
  19  2:55  SCV  
  20  3:00  Factory Tech Lab  
  20  3:07  SCV  
  20  3:08  Barracks Tech Lab  
  20  3:09  Marine x2  
  23  3:26  Siege Tank  
  26  3:27  Marine  
  26  3:28  Factory Reactor  
  26  3:29  Marine  
  28  3:36  Marauder  
  30  3:45  Marine  
  31  4:09  Siege Tank, SCV, Marauder, Marine x2  
  39  4:15  Supply Depot  
  39  4:36  SCV, Hellion  
  42  4:44  Supply Depot  
  42  4:46  Marine  
  42  4:48  SCV  
  42  4:51  Marauder  
  46  5:06  Hellion x2  
  50  5:09  Marine  
  50  5:11  SCV  
  52  5:19  Supply Depot  
  40  6:03  Siege Tank  
  43  6:04  Marauder  
  45  6:13  SCV  
  46  6:22  Command Center  
  46  6:25  SCV  
  47  6:37  SCV  
  48  6:48  Siege Tank  
  48  6:49  Marauder  
  31  7:25  Marine  
  31  7:26  Marine  
  31  7:28  Siege Tank  
  31  7:29  Marauder  
  38  7:30  Hellion  
  38  7:31  Hellion  
  42  7:43  Orbital Command  
  42  7:44  SCV  
  42  7:51  Marine x2  
  44  7:53  Hellion x2  
  44  7:55  Marauder  
  44  7:56  SCV  
  52  8:16  Siege Tank  
  52  8:18  Marauder  
  57  8:29  Armory  
  57  8:30  SCV x2  
  59  8:42  SCV x2, Marauder  
  63  8:56  Siege Tank  
  66  9:24  Marine x2  
  66  9:28  Thor  
  74  9:32  Widow Mine x2  
  78  9:50  Engineering Bay  
  78  9:58  Supply Depot, Starport  
  78  10:00  Starport  
  78  10:19  Marine x2  
  78  10:20  SCV x2  
Tags
 
Add a new tag
Caveats
  • Supply blocks, unpowered buildings, or Contaminate may cause inaccurate times.
  • Supply counts are checked every 10 seconds.